[Event "Team 45 45 League T52"]
[Site "Internet Chess Club"]
[Date "2012.02.23"]
[Round "2"]
[White "JeremyWa"]
[Black "creditordebit"]
[Result "1-0"]
[WhiteElo "1736"]
[BlackElo "1657"]
[Opening "Sicilian: Prins (Moscow) variation"]
[ECO "B55"]
[Time "19:32:41"]
[TimeControl "2700+45"]

1. e4 c5 2. Nf3 d6 3. d4 cxd4 4. Nxd4 Nf6 5. f3 g6 6. c4 Bg7 7. Nc3 Nc6 8. Nc2
O-O 9. Be3 Bd7 10. Be2 Rc8 11. Qd2 Ne5 12. b3 b6 13. O-O Ne8 14. Rad1 f5 15. f4
Nf7 16. e5 e6 17. exd6 Nexd6 18. Bd4 Bc6 19. Bxg7 Kxg7 20. Nd4 Qe7 21. Nxc6 Rxc6
22. Bf3 Rc7 23. Rfe1 Qf6 24. Qe3 Re8 25. a4 Rc5 26. Nb5 Nxb5 27. axb5 Re7 28.
Bc6 e5 29. Qe2 a5 30. g3 e4 31. Qe3 g5 32. Re2 g4 33. Red2 h5 34. Rd4 Kg6 35.
Kf2 Re6 36. Ke2 Nd6 37. Bd7 Nxb5 38. cxb5 Rc2+ 39. R1d2 Rxd2+ 40. Qxd2 {Black
resigns} 1-0

[Event "Team 45 45 League T52"]
[Site "Internet Chess Club"]
[Date "2012.02.26"]
[Round "2"]
[White "Rookmaster"]
[Black "Buford-Julep"]
[Result "0-1"]
[WhiteElo "1612"]
[BlackElo "1673"]
[Opening "French: Two knights variation"]
[ECO "C00"]
[Time "19:00:18"]
[TimeControl "2700+45"]

1. e4 e6 2. Nf3 d5 3. Nc3 Nf6 4. e5 Nfd7 5. d4 c5 6. dxc5 Nc6 7. Bf4 Bxc5 8. Bd3
f6 9. exf6 Nxf6 10. O-O O-O 11. Ne5 a6 12. Qe2 Nxe5 13. Bxe5 b5 14. a3 Ra7 15.
Rad1 Raf7 16. Kh1 Bb7 17. f3 Nd7 18. f4 Nxe5 19. fxe5 Rxf1+ 20. Rxf1 Rxf1+ 21.
Qxf1 Qg5 22. Qe1 Bd4 23. Nd1 Bxe5 24. Nf2 d4 25. Ne4 Qf4 26. g3 Qf3+ 27. Kg1 Bd5
28. Qf2 Bxe4 29. Bxe4 Qxe4 30. Kf1 Qe3 31. Qg2 Qc1+ 32. Ke2 Qxc2+ 33. Kf3 Qxg2+
34. Kxg2 d3 35. Kf3 Bxb2 36. Ke3 Bxa3 37. Kxd3 Kf7 38. h3 Kf6 {White resigns}
0-1

[Event "Team 45 45 League T52"]
[Site "Internet Chess Club"]
[Date "2012.03.04"]
[Round "2"]
[White "bondguy01"]
[Black "chrisgianno"]
[Result "1/2-1/2"]
[WhiteElo "1656"]
[BlackElo "1557"]
[Opening "Ruy Lopez: Berlin defense"]
[ECO "C65"]
[Time "13:01:04"]
[TimeControl "2700+45"]

1. e4 e5 2. Nf3 Nc6 3. Bb5 Nf6 4. d3 d6 5. O-O Be7 6. c3 O-O 7. Re1 a6 8. Ba4 b5
9. Bc2 Nd7 10. d4 f5 11. d5 Na5 12. exf5 Nf6 13. Bg5 Kh8 14. Bxf6 Bxf6 15. Nbd2
Bd7 16. b4 Nb7 17. Be4 a5 18. a3 axb4 19. axb4 Rxa1 20. Qxa1 Qa8 21. Qb2 Qe8 22.
Ra1 Qh5 23. Ra7 Rb8 24. Qb1 Qe8 25. Nb3 Qc8 26. Na5 Nd8 27. g4 Ra8 28. Rxa8 Qxa8
29. g5 Be7 30. Qd3 Nf7 31. h4 h6 32. g6 Nd8 33. h5 Bf6 34. Nh2 Nb7 35. Nxb7 Qxb7
36. Ng4 Bg5 37. Qf3 Qc8 38. Kg2 Bf4 39. Qd3 Kg8 40. Nh2 Kh8 41. Nf3 Qd8 42. Qe2
Qc8 43. Qd3 {Game drawn by mutual agreement} 1/2-1/2

[Event "Team 45 45 League T52"]
[Site "Internet Chess Club"]
[Date "2012.02.26"]
[Round "2"]
[White "doublepar"]
[Black "eagle"]
[Result "1/2-1/2"]
[WhiteElo "1559"]
[BlackElo "1496"]
[Opening "Caro-Kann: advance variation"]
[ECO "B12"]
[Time "17:01:28"]
[TimeControl "2700+45"]

1. e4 c6 2. d4 d5 3. e5 Bf5 4. Nf3 e6 5. Be2 Nd7 6. O-O Ne7 7. Nc3 Bg6 8. Bg5 h6
9. Be3 Nf5 10. Qd2 Nxe3 11. fxe3 Be7 12. Bd3 Bxd3 13. Qxd3 O-O 14. e4 dxe4 15.
Nxe4 c5 16. c3 cxd4 17. cxd4 Qb6 18. Rf2 Rad8 19. a3 Nb8 20. b4 Nc6 21. Rd1 Rd5
22. Nc3 Rd7 23. Na4 Qc7 24. Rc2 Qb8 {Game drawn by mutual agreement} 1/2-1/2

[Event "Team 45 45 League T52"]
[Site "Internet Chess Club"]
[Date "2012.02.23"]
[Round "2"]
[White "seattleblues"]
[Black "oldprez"]
[Result "0-1"]
[WhiteElo "1447"]
[BlackElo "1500"]
[Opening "Pirc: classical (two knights) system"]
[ECO "B08"]
[Time "19:30:39"]
[TimeControl "2700+45"]

1. e4 d6 2. d4 Nf6 3. Nc3 g6 4. Nf3 Bg7 5. Bd3 O-O 6. h3 Nbd7 7. O-O c5 8. Be3
cxd4 9. Bxd4 Nc5 10. Re1 Nxd3 11. cxd3 a6 12. Rc1 e5 13. Be3 Be6 14. Nd2 b5 15.
Nf3 Nh5 16. Ne2 f5 17. Ng5 Qf6 18. Nxe6 Qxe6 19. Nc3 f4 20. Bd2 Rac8 21. Qf3 Nf6
22. b3 g5 23. Nd5 Rxc1 24. Nxf6+ Bxf6 25. Rxc1 Qf7 26. Ba5 Qg6 27. Qg4 h5 28.
Qe6+ Kg7 29. Rc7+ Kh6 30. Qxd6 Rg8 31. Qxa6 g4 32. h4 Bxh4 33. Qxg6+ Rxg6 34.
Rc5 Rd6 35. Rd5 Rc6 36. Kf1 Rc1+ 37. Be1 Ra1 38. Rxe5 Rxa2 39. Rxb5 Ra1 40. Ra5
Rb1 41. Ra6+ Kg5 42. Ra5+ Kg6 43. b4 f3 44. g3 Bf6 45. e5 Bd8 46. Ra6+ Kf5 47.
d4 Be7 48. Rb6 Ke4 49. Rb7 Bg5 50. Rf7 Bd2 51. Rf4+ Kd5 52. Kg1 Rxe1+ 53. Kh2
Bxf4 54. gxf4 Kxd4 55. Kg3 Kc4 56. Kh4 Kxb4 57. Kg5 Kc5 58. Kf6 Kd5 59. Kg5 Re2
60. Kxh5 Rxf2 61. Kxg4 Ke6 62. Kg3 Rf1 63. Kg4 f2 64. Kg3 Kf5 65. Kf3 Ra1 66.
Kxf2 Kxf4 67. e6 Ra7 68. Ke2 Ke5 69. Ke3 Kxe6 {White resigns} 0-1

[Event "Team 45 45 League T52"]
[Site "Internet Chess Club"]
[Date "2012.02.26"]
[Round "2"]
[White "radiohead"]
[Black "obaut"]
[Result "1-0"]
[WhiteElo "1448"]
[BlackElo "1349"]
[Opening "Caro-Kann: advance variation"]
[ECO "B12"]
[Time "07:54:31"]
[TimeControl "2700+45"]

1. e4 c6 2. d4 d5 3. e5 Bf5 4. Nf3 e6 5. Bd3 Ne7 6. Bd2 Bxd3 7. cxd3 Nf5 8. b4
Qb6 9. a3 Nxd4 10. Nxd4 Qxd4 11. Bc3 Qf4 12. d4 Be7 13. O-O Nd7 14. Qd3 O-O 15.
Nd2 f6 16. Nf3 fxe5 17. dxe5 Rf5 18. Rae1 c5 19. Qb5 Nb6 20. bxc5 Qc4 21. Qb4
Bxc5 22. Qxc4 Nxc4 23. a4 Rd8 24. Bd4 Bxd4 25. Nxd4 Nd2 26. Nxf5 Nxf1 27. Nd4
Nd2 28. Nxe6 Re8 29. Nc7 Rd8 30. e6 Ne4 31. e7 Re8 32. Nxd5 Nf6 33. Nc7 Kf7 34.
Nxe8 Kxe8 35. f3 Nd5 36. Kf2 Nxe7 37. g4 Kf7 38. Rd1 b6 39. Rd7 a6 40. Rb7 b5
41. a5 Kg6 42. Ra7 h6 43. Rxe7 {Black resigns} 1-0

[Event "Team 45 45 League T52"]
[Site "Internet Chess Club"]
[Date "2012.02.28"]
[Round "2"]
[White "Conjurer"]
[Black "chips"]
[Result "1-0"]
[WhiteElo "1444"]
[BlackElo "1146"]
[Opening "English opening"]
[ECO "A16"]
[Time "21:00:41"]
[TimeControl "2700+45"]

1. c4 Nf6 2. Nc3 g6 3. Nf3 Bg7 4. g3 d6 5. Bg2 e5 6. O-O O-O 7. d4 exd4 8. Nxd4
Nbd7 9. Bg5 Rb8 10. Qd2 Ne5 11. b3 b6 12. f4 c5 13. Ndb5 h6 14. Bxf6 Bxf6 15.
fxe5 Bxe5 16. Rad1 a6 17. Nxd6 Bd4+ 18. e3 Qxd6 19. exd4 cxd4 20. Qxh6 Qc5 21.
Nd5 b5 22. Nf6# {Black checkmated} 1-0

[Event "Team 45 45 League T52"]
[Site "Internet Chess Club"]
[Date "2012.02.27"]
[Round "2"]
[White "cazj"]
[Black "Lee-D"]
[Result "0-1"]
[WhiteElo "1339"]
[BlackElo "1459"]
[Opening "King's Indian defense, 3.Nc3"]
[ECO "E61"]
[Time "20:03:14"]
[TimeControl "2700+45"]

1. d4 Nf6 2. c4 g6 3. Nc3 Bg7 4. Nf3 O-O 5. b3 d6 6. Ba3 Nbd7 7. e4 Re8 8. Be2
e5 9. d5 Nf8 10. O-O Bg4 11. Bc1 N6d7 12. Bg5 f6 13. Bh4 g5 14. Bg3 f5 15. h3
Bxf3 16. Bxf3 f4 17. Bh2 Nf6 18. Bh5 Nxh5 19. Qxh5 Qf6 20. Nb5 Re7 21. g3 a6 22.
Na3 Qg6 23. Qg4 Rf7 24. f3 h5 25. Qf5 Rxf5 26. exf5 Qxf5 27. g4 hxg4 28. hxg4
Qd3 29. Kg2 Ng6 30. Bg1 Nh4+ {White resigns} 0-1

[Event "Team 45 45 League T52"]
[Site "Internet Chess Club"]
[Date "2012.02.24"]
[Round "2"]
[White "milesotoole"]
[Black "papricka205"]
[Result "0-1"]
[WhiteElo "1538"]
[BlackElo "1447"]
[Opening "Scotch game"]
[ECO "C45"]
[Time "21:31:38"]
[TimeControl "2700+45"]

1. e4 e5 2. Nf3 Nc6 3. d4 exd4 4. Nxd4 Qf6 5. Qd2 Bc5 6. Nxc6 dxc6 7. Nc3 Ne7 8.
b3 Qd6 9. Qg5 O-O 10. Bf4 Qd4 11. Qg3 Bb4 12. Bd2 Bxc3 13. Bxc3 Qxe4+ 14. Be2
Ng6 15. f3 Qxc2 16. f4 Re8 17. Qg4 Bxg4 {White resigns} 0-1

[Event "Team 45 45 League T52"]
[Site "Internet Chess Club"]
[Date "2012.02.23"]
[Round "2"]
[White "baseball613"]
[Black "Iowa-Archer"]
[Result "0-1"]
[WhiteElo "1359"]
[BlackElo "1310"]
[Opening "Queen's bishop game"]
[ECO "D02"]
[Time "20:45:24"]
[TimeControl "2700+45"]

1. d4 Nf6 2. Nf3 d5 3. Bf4 e6 4. e3 c5 5. c3 Nc6 6. Nbd2 Be7 7. Bd3 cxd4 8. exd4
Bd6 9. Bxd6 Qxd6 10. Rc1 e5 11. dxe5 Nxe5 12. Nxe5 Qxe5+ 13. Qe2 Qxe2+ 14. Kxe2
Bg4+ 15. Nf3 O-O 16. Rhe1 Ne4 17. Kf1 Nc5 18. Bc2 Rad8 19. Nd4 Rfe8 20. h3 Rxe1+
21. Rxe1 Bd7 22. Re7 Ne6 23. Nf5 Kf8 24. Bb3 g6 25. Rxd7 Rxd7 26. Nd4 Nxd4 27.
cxd4 Rd6 28. Ke2 Re6+ 29. Kd3 Ke7 30. Bxd5 Re1 31. Bxb7 f6 32. Kc4 Re2 33. Kc3
Rxf2 34. d5 Kd6 35. Kc4 Rc2+ 36. Kd4 Rxb2 37. g4 Rxb7 {White resigns} 0-1

[Event "Team 45 45 League T52"]
[Site "Internet Chess Club"]
[Date "2012.02.24"]
[Round "2"]
[White "Portola"]
[Black "adamredsox"]
[Result "1/2-1/2"]
[WhiteElo "1768"]
[BlackElo "1606"]
[Opening "King's Indian: London system"]
[ECO "A48"]
[Time "20:00:49"]
[TimeControl "2700+45"]

1. d4 Nf6 2. Nf3 g6 3. Bf4 Bg7 4. h3 O-O 5. e3 b6 6. c3 Bb7 7. Nbd2 d6 8. Bc4
Nbd7 9. O-O Ne4 10. Nxe4 Bxe4 11. Nd2 Bb7 12. Nf3 e5 13. dxe5 Nxe5 14. Bxe5 dxe5
15. Qe2 Qf6 16. Rad1 Rad8 17. e4 Rxd1 18. Rxd1 Rd8 19. Rxd8+ Qxd8 20. Qc2 h6
{Game drawn by mutual agreement} 1/2-1/2

[Event "Team 45 45 League T52"]
[Site "Internet Chess Club"]
[Date "2012.02.27"]
[Round "2"]
[White "Kingofknights"]
[Black "rubo"]
[Result "1/2-1/2"]
[WhiteElo "1611"]
[BlackElo "1597"]
[Opening "Benkö gambit"]
[ECO "A57"]
[Time "20:00:12"]
[TimeControl "2700+45"]

1. d4 Nf6 2. c4 c5 3. d5 b5 4. b3 g6 5. Bb2 Bg7 6. e4 d6 7. Nd2 Qa5 8. Bd3 Nbd7
9. f4 O-O 10. Nf3 bxc4 11. bxc4 Nb6 12. O-O Na4 13. Bxf6 Bxf6 14. e5 Bg7 15. Nb3
Qb6 16. Qd2 Bg4 17. Rab1 a5 18. Nbd4 Qc7 19. Nc6 Bxf3 20. Rxf3 dxe5 21. fxe5
Bxe5 22. Nxe5 Qxe5 23. Bc2 Rfb8 24. Rxb8+ Rxb8 25. Bxa4 Rb1+ 26. Rf1 Rb2 27. Re1
Qf6 28. Qe3 Rxa2 29. Bb5 Qb2 30. Qg3 Qd2 31. Kf1 a4 {Game drawn by mutual
agreement} 1/2-1/2

[Event "Team 45 45 League T52"]
[Site "Internet Chess Club"]
[Date "2012.02.27"]
[Round "2"]
[White "GrandUnified"]
[Black "j4ucgantp"]
[Result "1/2-1/2"]
[WhiteElo "1625"]
[BlackElo "1544"]
[Opening "English: symmetrical variation"]
[ECO "A34"]
[Time "20:12:38"]
[TimeControl "2700+45"]

1. c4 c5 2. Nc3 e6 3. g3 Nf6 4. Bg2 Nc6 5. e3 Be7 6. Nge2 O-O 7. O-O d5 8. d4
dxc4 9. Qa4 cxd4 10. exd4 Nxd4 11. Nxd4 Qxd4 12. Be3 Qd7 13. Qxc4 Rd8 14. Rfd1
Qe8 15. Nb5 Nd5 16. Rxd5 exd5 17. Bxd5 Qd7 18. Nc7 Rb8 19. Bxf7+ Kh8 20. Ne6 b5
21. Qb3 Bb7 22. Bd4 Bf6 23. Bxf6 Qxf7 24. Bxd8 Bc8 25. Nd4 Qb7 26. Qb4 Qf7 27.
Re1 Bh3 28. Re7 Qf8 29. Bc7 Rc8 30. Bd6 Rc1+ 31. Re1 Qxd6 32. Qd2 Rxe1+ 33. Qxe1
Qd8 34. Nxb5 h6 35. Nc3 Qa8 36. Ne4 Qe8 37. f3 Bf5 38. g4 Bxe4 39. fxe4 Qe6 40.
h3 Qxa2 41. Qc3 Qb1+ 42. Kg2 Qxe4+ 43. Kg3 Kg8 44. Qc8+ Kf7 45. Qc7+ Qe7 46.
Qxe7+ Kxe7 47. Kf4 Ke6 48. h4 g6 49. g5 h5 50. Ke4 Kd6 51. b4 a6 52. Kd4 Kc6 53.
Ke5 Kb5 54. Kf6 Kxb4 55. Kxg6 a5 56. Kxh5 a4 57. g6 a3 58. g7 a2 59. g8=Q a1=Q
60. Qb8+ Kc5 61. Qc7+ Kd5 62. Qd7+ Ke4 63. Qe6+ Kf4 64. Qg4+ Ke3 65. Qg5+ Ke4
66. Qg6+ Kf4 67. Qg5+ Ke4 68. Kg6 Qa6+ 69. Qf6 Qc8 70. h5 Qg4+ 71. Kh6 Qd7 72.
Qg6+ Kf4 73. Qg7 Qd6+ 74. Kh7 Qd3+ 75. Kg8 Qd5+ 76. Qf7+ Qxf7+ {Game drawn by
mutual agreement} 1/2-1/2

[Event "Team 45 45 League T52"]
[Site "Internet Chess Club"]
[Date "2012.02.25"]
[Round "2"]
[White "medsurg"]
[Black "g8wrb"]
[Result "1/2-1/2"]
[WhiteElo "1369"]
[BlackElo "1386"]
[Opening "QGD: Semi-Tarrasch defense"]
[ECO "D40"]
[Time "15:03:42"]
[TimeControl "2700+45"]

1. d4 d5 2. c4 Nf6 3. Nf3 e6 4. Nc3 c5 5. e3 Nc6 6. cxd5 exd5 7. Bb5 cxd4 8.
exd4 a6 9. Ba4 Bd6 10. O-O O-O 11. h3 Re8 12. Bb3 Be6 13. Bg5 h6 14. Bxf6 Qxf6
15. Bxd5 Rad8 16. Bxe6 fxe6 17. Ne4 Qf4 18. Nxd6 Rxd6 19. Qb3 Nxd4 20. Nxd4 Rxd4
21. Rad1 Re7 22. Rxd4 Qxd4 23. Rd1 Qe4 {Game drawn by mutual agreement} 1/2-1/2

[Event "Team 45 45 League T52"]
[Site "Internet Chess Club"]
[Date "2012.02.24"]
[Round "2"]
[White "IceBox"]
[Black "cys456"]
[Result "1-0"]
[WhiteElo "1828"]
[BlackElo "1711"]
[Opening "Queen's Indian: old main line, 7.Nc3"]
[ECO "E18"]
[Time "17:00:20"]
[TimeControl "2700+45"]

1. d4 Nf6 2. c4 e6 3. Nf3 b6 4. g3 Bb7 5. Bg2 Be7 6. O-O O-O 7. Nc3 d6 8. b3
Nbd7 9. Qc2 c5 10. d5 exd5 11. Nh4 Ne5 12. cxd5 a6 13. Nf5 b5 14. Rd1 b4 15. Ne4
Nxe4 16. Nxe7+ Qxe7 17. Bxe4 h6 18. Bb2 Bc8 19. Bh7+ Kh8 20. Bf5 Bxf5 21. Qxf5
Nd7 22. Qf4 Rad8 23. Qxh6+ Kg8 24. Qxg7# {Black checkmated} 1-0

[Event "Team 45 45 League T52"]
[Site "Internet Chess Club"]
[Date "2012.03.01"]
[Round "2"]
[White "Mymas"]
[Black "calily"]
[Result "1-0"]
[WhiteElo "1582"]
[BlackElo "1710"]
[Opening "Caro-Kann: Panov-Botvinnik attack"]
[ECO "B13"]
[Time "16:30:33"]
[TimeControl "2700+45"]

1. e4 c6 2. d4 d5 3. exd5 cxd5 4. c4 Nf6 5. Nc3 Nc6 6. Nf3 e6 7. Bf4 Bd6 8. Bxd6
Qxd6 9. c5 Qd7 10. Bd3 O-O 11. O-O Re8 12. Ne5 Qe7 13. Nb5 Nxe5 14. dxe5 Nd7 15.
Nc7 Nxe5 16. Nxa8 Qxc5 17. Bxh7+ Kf8 18. Rc1 Qd6 19. Nc7 Rd8 20. Qb3 g6 21. Nb5
Qb8 22. Qa3+ Kg7 23. Bxg6 Nxg6 24. Qc3+ Kg8 25. Qc7 Bd7 26. Qxb8 Rxb8 27. Nc3
Ne5 28. f4 Nd3 29. Rc2 Rc8 30. Rd2 Nc5 31. f5 b5 32. fxe6 fxe6 33. Rc1 Rf8 34.
Rf1 Rc8 35. Rc1 Rf8 36. b4 Nb7 37. Ne2 Nd6 38. Rc7 Nc4 39. Rd3 Nb2 40. Rg3+ Kh8
41. Rxd7 Nc4 42. Rh3+ Kg8 43. Rf3 Rc8 44. Rg3+ Kh8 45. Rgg7 Ne5 46. Rc7 Rf8 47.
Rh7+ {Black resigns} 1-0

[Event "Team 45 45 League T52"]
[Site "Internet Chess Club"]
[Date "2012.02.26"]
[Round "2"]
[White "isolani"]
[Black "ausya"]
[Result "0-1"]
[WhiteElo "1531"]
[BlackElo "1577"]
[Opening "English: symmetrical, Benoni formation"]
[ECO "A31"]
[Time "10:03:33"]
[TimeControl "2700+45"]

1. d4 Nf6 2. Nf3 c5 3. c4 g6 4. Nc3 cxd4 5. Nxd4 Bg7 6. e4 d6 7. Be2 O-O 8. O-O
Nc6 9. Be3 Bd7 10. Rc1 Rc8 11. Qd2 e6 12. Ndb5 a6 13. Nxd6 Rb8 14. Rfd1 Qc7 15.
Na4 Qa5 16. Qxa5 Nxa5 17. Nb6 Bc6 18. b4 Nxe4 19. bxa5 Nc3 20. Rd2 Rfd8 21. c5
Bd5 22. Nxd5 exd5 23. Bd4 Bxd4 24. Rxc3 Bxc3 25. Rc2 Bxa5 26. a4 Bc7 27. c6 Rxd6
28. cxb7 Rxb7 29. g3 d4 30. Bd3 Rb3 31. Bxa6 Rxa6 {White resigns} 0-1

[Event "Team 45 45 League T52"]
[Site "Internet Chess Club"]
[Date "2012.02.25"]
[Round "2"]
[White "tyler66"]
[Black "Andressa"]
[Result "1/2-1/2"]
[WhiteElo "1501"]
[BlackElo "1427"]
[Opening "Four knights: Spanish variation"]
[ECO "C48"]
[Time "11:01:00"]
[TimeControl "2700+45"]

1. e4 e5 2. Nf3 Nf6 3. Nc3 Nc6 4. Bb5 d6 5. d4 Bd7 6. O-O a6 7. dxe5 Nxe5 8.
Nxe5 Bxb5 9. Nxb5 axb5 10. Nf3 c6 11. e5 dxe5 12. Nxe5 Bd6 13. Re1 O-O 14. Ng4
h6 15. Qf3 Nxg4 16. Qxg4 Qf6 17. c3 Bc5 18. Be3 Bxe3 19. Rxe3 Qd6 20. Rg3 g6 21.
Rd1 Qe5 22. Re3 Qf6 23. a3 Rad8 24. Ree1 Rxd1 25. Rxd1 Qe7 26. Qd4 Qe2 27. Qd2
Re8 28. g3 Qxd2 29. Rxd2 Re1+ 30. Kg2 Rb1 31. Kf3 Rh1 32. h4 Kg7 33. Ke2 Rb1 34.
Kd3 h5 35. Kd4 Re1 36. Kc5 Re7 37. Kd6 Kf6 38. f3 Re3 39. Rf2 Re7 40. g4 Re8 41.
g5+ Kf5 42. Kc7 Re7+ {Game drawn by mutual agreement} 1/2-1/2

[Event "Team 45 45 League T52"]
[Site "Internet Chess Club"]
[Date "2012.02.28"]
[Round "2"]
[White "Pomberito"]
[Black "playwaycool"]
[Result "1-0"]
[WhiteElo "2100"]
[BlackElo "2097"]
[Opening "King's knight's gambit"]
[ECO "C37"]
[Time "17:05:51"]
[TimeControl "2700+45"]

1. e4 e5 2. f4 exf4 3. Nf3 g5 4. g3 Qe7 5. Nc3 g4 6. Nh4 d6 7. d4 fxg3 8. hxg3
Nf6 9. Bd3 Nxe4 10. Bxe4 d5 11. O-O dxe4 12. Nxe4 Bg7 13. Bg5 Qb4 14. c3 Qxb2
15. Nf6+ Kf8 16. Qe1 Be6 17. d5 h6 18. dxe6 Qb6+ 19. Rf2 Qxe6 20. Ng6+ fxg6 21.
Qxe6 {Black resigns} 1-0

[Event "Team 45 45 League T52"]
[Site "Internet Chess Club"]
[Date "2012.02.28"]
[Round "2"]
[White "AntMantis"]
[Black "Dreamshell"]
[Result "1-0"]
[WhiteElo "2080"]
[BlackElo "2057"]
[Opening "Queen's gambit declined"]
[ECO "D30"]
[Time "20:00:35"]
[TimeControl "2700+45"]

1. d4 d5 2. c4 e6 3. Nf3 c6 4. Nc3 Be7 5. Bf4 Nf6 6. e3 Nbd7 7. Bd3 O-O 8. O-O
Nh5 9. c5 b6 10. b4 a5 11. a3 Nxf4 12. exf4 Qc7 13. Ne5 Nxe5 14. fxe5 Ba6 15.
Na4 b5 16. Nb6 Ra7 17. bxa5 f6 18. f4 fxe5 19. fxe5 Rxf1+ 20. Qxf1 Bg5 21. Qe2
Qf7 22. a4 Qf4 23. Qf2 b4 24. Bxa6 Rxa6 25. Qxf4 Bxf4 26. Kf2 Bd2 27. Rb1 Rxa5
28. Ke2 Bc3 29. Kd3 Ra7 30. Rf1 Rc7 31. Rf3 Ra7 32. Nc8 Rc7 33. Nb6 Ra7 34. Nc8
Rc7 35. Nd6 Ra7 36. Rf7 Rxa4 37. Rc7 Kf8 38. Rxc6 Ra7 39. Rc8+ Ke7 40. c6 {Black
resigns} 1-0

[Event "Team 45 45 League T52"]
[Site "Internet Chess Club"]
[Date "2012.02.22"]
[Round "2"]
[White "badmove"]
[Black "Dracoac"]
[Result "1/2-1/2"]
[WhiteElo "1726"]
[BlackElo "1787"]
[Opening "Trompowsky attack (Ruth, Opocenský opening)"]
[ECO "A45"]
[Time "16:23:16"]
[TimeControl "2700+45"]

1. d4 Nf6 2. Bg5 d5 3. Bxf6 exf6 4. e3 Be6 5. g3 Be7 6. Bg2 c6 7. Nd2 Nd7 8. Ne2
O-O 9. b3 Qa5 10. O-O b5 11. Nf4 Qc7 12. c4 bxc4 13. bxc4 dxc4 14. Nxe6 fxe6 15.
Nxc4 Rac8 16. Qb3 Kh8 17. Rac1 c5 18. dxc5 Nxc5 19. Qc2 Nd7 20. Qb3 Nc5 {Game
drawn by mutual agreement} 1/2-1/2

[Event "Team 45 45 League T52"]
[Site "Internet Chess Club"]
[Date "2012.02.28"]
[Round "2"]
[White "Ptzz"]
[Black "PandorasBox"]
[Result "1-0"]
[WhiteElo "2079"]
[BlackElo "1914"]
[Opening "Budapest: Fajarowicz variation"]
[ECO "A51"]
[Time "16:03:26"]
[TimeControl "2700+45"]

1. d4 Nf6 2. c4 e5 3. dxe5 Ne4 4. Nd2 Nc5 5. Ngf3 Nc6 6. g3 Qe7 7. Bg2 g6 8. O-O
Bg7 9. Nb3 Nxb3 10. Qxb3 Nxe5 11. Nxe5 Qxe5 12. Bf4 Qa5 13. Qe3+ Kf8 14. Rab1 d6
15. b4 Qb6 16. c5 dxc5 17. bxc5 Qe6 18. Qxe6 Bxe6 19. Bxb7 Rd8 20. Bxc7 Rd7 21.
Bd6+ Rxd6 22. cxd6 Be5 23. Rfd1 Bxa2 24. Rbc1 Be6 25. Bc8 {Black resigns} 1-0

[Event "Team 45 45 League T52"]
[Site "Internet Chess Club"]
[Date "2012.02.27"]
[Round "2"]
[White "Deckfuel"]
[Black "Jack-ONeill"]
[Result "0-1"]
[WhiteElo "1921"]
[BlackElo "2043"]
[Opening "Sicilian: accelerated fianchetto, Maróczy bind"]
[ECO "B36"]
[Time "13:00:15"]
[TimeControl "2700+45"]

1. e4 c5 2. Nf3 Nc6 3. d4 cxd4 4. Nxd4 g6 5. c4 Nf6 6. Nc3 d6 7. Be2 Nxd4 8.
Qxd4 Bg7 9. O-O O-O 10. h3 Be6 11. Qe3 Qb6 12. Qxb6 axb6 13. Be3 Rfc8 14. Nd5
Bxd5 15. exd5 Nd7 16. Rfb1 b5 17. cxb5 Rc2 18. Bd1 Rxb2 19. Rxb2 Bxb2 20. Rb1
Rxa2 21. Bb3 Ra1 22. Rxa1 Bxa1 23. f4 Bc3 24. Kf2 Kf8 25. g4 f6 26. Kf3 Ke8 27.
h4 h6 28. Bc2 Kf7 29. Bc1 Nf8 30. h5 g5 31. Bf5 e6 32. dxe6+ Nxe6 33. Bg6+ Ke7
34. fxg5 fxg5 35. Be3 d5 36. Bb6 Kd6 37. Ke3 Ke5 38. Kd3 Bd4 39. Bxd4+ Nxd4 40.
Be8 b6 41. Ke3 Ne6 42. Bg6 Kd6 43. Bf5 Nc7 44. Bh7 Nxb5 45. Kd3 Kc5 46. Bg8 Nd6
47. Kc3 Ne4+ 48. Kb3 b5 49. Be6 b4 50. Bf5 Nd6 51. Be6 Nb5 52. Bf7 Nd4+ 53. Kb2
Kc4 54. Bg6 Nf3 55. Kc2 Ne5 56. Bf5 b3+ 57. Kb2 Nd3+ 58. Kb1 Kc3 59. Bc8 Ne5 60.
Bf5 Nc4 61. Ka1 b2+ 62. Ka2 d4 63. Be6 Nd2 {White resigns} 0-1

[Event "Team 45 45 League T52"]
[Site "Internet Chess Club"]
[Date "2012.02.25"]
[Round "2"]
[White "ivanson"]
[Black "Holzschlange"]
[Result "1/2-1/2"]
[WhiteElo "1845"]
[BlackElo "1836"]
[Opening "Ruy Lopez: closed, Chigorin, 12...Nc6"]
[ECO "C98"]
[Time "18:09:57"]
[TimeControl "2700+45"]

1. e4 e5 2. Nf3 Nc6 3. Bb5 a6 4. Ba4 Nf6 5. O-O Be7 6. Re1 b5 7. Bb3 d6 8. c3
O-O 9. h3 Na5 10. Bc2 c5 11. d4 Qc7 12. Nbd2 Nc6 13. d5 Nd8 14. a4 Rb8 15. axb5
axb5 16. b4 g6 17. Nf1 Ne8 18. Bh6 Ng7 19. N3h2 f6 20. f4 Nf7 21. Bxg7 Kxg7 22.
fxe5 Nxe5 23. Ne3 Qb6 24. Nf3 Nf7 25. Kh1 Bd7 26. Qe2 Rfe8 27. Ra5 Ra8 28. Rea1
Qb7 29. Bd3 c4 30. Bc2 Bf8 31. Nd4 Kg8 32. Qf2 Bg7 33. Ng4 Bxg4 34. hxg4 Ne5 35.
Nxb5 Nxg4 36. Qg3 f5 37. Nxd6 Rxa5 38. Rxa5 Qb6 39. Nxe8 Nf2+ 40. Kh2 Be5 41.
Qxe5 Ng4+ 42. Kh1 Nf2+ 43. Kh2 Ng4+ 44. Kh1 Nf2+ 45. Kh2 {Game drawn by
repetition} 1/2-1/2

[Event "Team 45 45 League T52"]
[Site "Internet Chess Club"]
[Date "2012.02.26"]
[Round "2"]
[White "alexdb"]
[Black "pishd"]
[Result "1-0"]
[WhiteElo "1886"]
[BlackElo "1710"]
[Opening "Caro-Kann: advance variation"]
[ECO "B12"]
[Time "11:42:07"]
[TimeControl "2700+45"]

1. e4 c6 2. d4 d5 3. e5 Bf5 4. h4 Qb6 5. Nc3 c5 6. Nxd5 Qd8 7. Ne3 Nh6 8. Nxf5
Nxf5 9. d5 e6 10. Bb5+ Nd7 11. c3 a6 12. Bg5 Qc7 13. d6 Qb6 14. Bxd7+ Kxd7 15.
Qa4+ Qc6 16. Qxc6+ Kxc6 17. g4 Nh6 18. Bxh6 gxh6 19. f4 Rg8 20. g5 Rg6 21. Nf3
Kd5 22. Kf2 Ke4 23. h5 Rg8 24. Rh4 b5 25. Rg1 a5 26. f5+ Kxf5 27. Ke3 {Black
resigns} 1-0

[Event "Team 45 45 League T52"]
[Site "Internet Chess Club"]
[Date "2012.02.26"]
[Round "2"]
[White "Ivio"]
[Black "justice02"]
[Result "1-0"]
[WhiteElo "1752"]
[BlackElo "1770"]
[Opening "Torre attack (Tartakower variation)"]
[ECO "D03"]
[Time "14:00:21"]
[TimeControl "2700+45"]

1. d4 Nf6 2. Bg5 d5 3. Nf3 Nc6 4. e3 h6 5. Bf4 a6 6. Bd3 Nb4 7. c3 Nxd3+ 8. Qxd3
Bg4 9. Nbd2 Rc8 10. h3 Bxf3 11. Nxf3 e6 12. a3 Bd6 13. Bxd6 Qxd6 14. O-O O-O 15.
Ne5 c5 16. Rac1 c4 17. Qc2 b5 18. Qe2 a5 19. Ra1 a4 20. f3 Nd7 21. Ng4 f5 22.
Nf2 Nf6 23. e4 Nh5 24. e5 Qe7 25. Qd2 Qh4 26. Nh1 f4 27. Qc2 Rf5 28. Qf2 Ng3 29.
Nxg3 fxg3 30. Qd2 Rcf8 31. Qe3 g5 32. Rae1 Qh5 33. Qe2 Qg6 34. Qc2 Kg7 35. Qe2
h5 36. Qe3 Rf4 37. Re2 Qf7 38. Ree1 g4 39. Qe2 Qf5 40. fxg4 hxg4 41. Rxf4 Qxf4
42. Rf1 Qxf1+ 43. Qxf1 Rxf1+ 44. Kxf1 Kg6 45. Ke2 Kg5 46. hxg4 Kxg4 47. Ke3 Kg5
48. Kf3 Kf5 49. Kxg3 Ke4 50. Kf2 Kd3 51. g4 Kc2 52. g5 Kxb2 53. g6 Kxa3 54. g7
Kb2 55. g8=Q a3 56. Qxe6 a2 57. Qa6 b4 58. e6 bxc3 59. Qb5+ Ka3 60. Qa5+ Kb2 61.
Qb4+ Kc2 62. Qa3 Kb1 63. Qb4+ Kc2 64. Qa3 Kb1 65. Qxc3 a1=Q 66. Qxa1+ Kxa1 67.
e7 c3 68. e8=Q c2 69. Qe1+ Kb2 70. Qd2 Kb1 71. Kf3 c1=Q 72. Qxc1+ Kxc1 73. Kf4
Kc2 74. Ke5 Kd3 75. Kxd5 Ke3 76. Ke5 {Black resigns} 1-0